 Dungeon Sprint DCSS version 0.18-a0-1123-gbd92598 (webtiles) character file.

37 Kidiri the Sneak (level 3, -2/18 HPs)
             Began as a Spriggan Enchanter on Jan 19, 2016.
             Slain by a human (6 damage)
             ... in the Dungeon (Sprint III: "The Ten Rune Challenge").
             The game lasted 00:01:51 (429 turns).

Kidiri the Sneak (Spriggan Enchanter)                Turns: 429, Time: 00:01:51

Health: -2/18      AC:  4    Str:  4    XL:     3   Next: 21%
Magic:  0/9        EV: 20    Int: 16    God:
Gold:   0          SH:  0    Dex: 17    Spells: 4 memorised, 1 level left

rFire  + . .     SeeInvis +     a - +1 dagger
rCold  . . .     Gourm    .     m - +2 robe {rF+}
rNeg   . . .     Faith    .     (shield restricted)
rPois  .         Spirit   .     (helmet restricted)
rElec  .         Dismiss  .     (no cloak)
rCorr  .         Reflect  .     (gloves unavailable)
SustAt .         Harm     .     (boots unavailable)
MR     .....     NoTele   +     (no amulet)
Stlth  ++++......               (no ring)
                                (no ring)

@: very slightly contaminated, very quick, not resistant to hostile
enchantments, stealthy
A: unfitting armour, see invisible, herbivore 3, speed 3, slow metabolism 2
a: no special abilities


You were in the Dungeon.
You were not hungry.

You visited 1 branch

Inventory:

Hand Weapons
 a - a +1 dagger (weapon)
Armour
 b - a +1 robe
 m - a +2 robe of fire resistance (worn)
Wands
 l - a wand of frost (24/48)
Scrolls
 j - a scroll of blinking
 k - a scroll of enchant armour {unknown}
Potions
 f - a potion of heal wounds
 g - a potion of haste
 h - 2 potions of magic
 i - a potion of berserk rage
Books
 c - a book of Maledictions

   Spells                             Type                      Level
   a - Corona                         Hexes                        1
   b - Ensorcelled Hibernation        Hexes/Ice                    2
   c - Confuse                        Hexes                        3
   d - Tukima's Dance                 Hexes                        3
   e - Dazzling Spray                 Conjuration/Hexes            3
Comestibles
 d - a bread ration


   Skills:
 + Level 1.4 Fighting
 * Level 2.9 Short Blades
 + Level 1.2 Armour
 * Level 4.8 Dodging
 * Level 6.0 Stealth
 * Level 4.1 Spellcasting
 + Level 0.0 Conjurations
 + Level 4.1 Hexes
 + Level 0.7 Ice Magic


You had one spell level left.
You knew the following spells:

 Your Spells              Type           Power        Failure   Level  Hunger
a - Corona                Hex            ###....      3%          1    None
b - Ensorcelled Hibernat  Hex/Ice        ##....       12%         2    ##.....
c - Confuse               Hex            ###.....     12%         3    ###....
e - Dazzling Spray        Conj/Hex       #.......     21%         3    ###....


Dungeon Overview and Level Annotations

Branches:
Dungeon (1/1)

Altars:


Innate Abilities, Weirdness & Mutations

You are tiny and cannot use many weapons and most armour.
You have supernaturally acute eyesight.
You are a herbivore.
You cover ground extremely quickly.
You need consume almost no food.


Message History

The human misses you.
Casting: Dazzling Spray
Confirm with . or Enter, or press ? or * to list all spells.
Aiming: Corona
Press: ? - help, Shift-Dir - straight line, f/p - human
Aim: a human (almost dead, chance to defeat MR: 53%)
The human struggles to resist.
The human completely misses you.
You miss the human.
The human is almost dead.
You hit the human but do no damage.
The human is almost dead.
The human completely misses you.
You barely miss the human.
The human is almost dead.
The human hits you.
* * * LOW HITPOINT WARNING * * *
You closely miss the human.
The human is almost dead.
The human hits you.
You die...

▓.....#....≈ ♣♣..#
▓.....#...≈≈♣♣.♣..#
▓.....#..≈≈≈≈♣.♣..+
▓####'#..≈≈≈≈≈≈.♣.#
▓(....#.≈≈≈≈≈≈....#
▓.....#.≈≈≈≈≈.....#
▓.....#.≈≈≈.......#
▓'#####...........#
▓.......@p........#
▓▓▓▓▓▓▓▓▓▓▓▓▓▓▓▓▓▓▓


You could see a human.

Vanquished Creatures
  Jessica (D)
  2 oozes (D)
  A rat (D)
4 creatures vanquished.

Vanquished Creatures (others)
  2 draconian scorchers (D)
  2 yaktaurs (D)
4 creatures vanquished.

Grand Total: 8 creatures vanquished

Notes
Turn   | Place    | Note
--------------------------------------------------------------
     0 | D        | Kidiri the Spriggan Enchanter began the quest for the Orb.
     0 | D        | Reached XP level 1. HP: 9/9 MP: 5/5
     5 | D        | Reached skill level 5 in Stealth
    15 | D        | Reached skill level 1 in Fighting
    15 | D        | Reached XP level 2. HP: 1/14 MP: 5/7
    19 | D        | Learned a level 2 spell: Ensorcelled Hibernation
   135 | D        | Killed a yaktaur
   185 | D        | Killed a yaktaur
   325 | D        | Killed a white draconian scorcher
   338 | D        | Noticed Jessica
   340 | D        | Killed Jessica
   340 | D        | Reached skill level 1 in Armour
   340 | D        | Reached skill level 6 in Stealth
   340 | D        | Reached XP level 3. HP: 18/18 MP: 7/9
   341 | D        | Killed a white draconian scorcher
   381 | D        | Learned a level 3 spell: Confuse
   385 | D        | Learned a level 3 spell: Dazzling Spray
   429 | D        | Slain by a human

Vault maps used:
D:        dungeon_sprint_mu

Action                   || total
-------------------------++-------
Melee: Dagger            ||    27
 Cast: Corona            ||     3
       Ensorcelled Hiber ||     3
  Use: Potion            ||     1
 Stab: Sleeping          ||     4
